1935 views
Uploaded 2022-12-17 10:27:58
Game version 1.32.10
23:42 long 1on1 ladder game on (2)AutumnLeaves
Saved by DKnight
1935 views
Uploaded 2022-12-17 10:27:58
Game version 1.32.10
23:42 long 1on1 ladder game on (2)AutumnLeaves

51 units @ 8.2k
/ 1.3k
13 buildings @ 2.1k
/ 0.8k


| Rod of Necromancy | 4 | 600 |
| Orb of Corruption | 1 | 375 |
| Potion of Healing | 2 | 300 |
| Scroll of Town Portal | 1 | 350 |
| Scroll of Healing | 1 | 250 |
| Potion of Lesser Invulnerability | 1 | 150 |
| total: | 10 | 2025g |
| Acolyte | 16 | 1200 | / | 0 |
| Ghoul | 7 | 840 | / | 0 |
| Crypt Fiend | 15 | 3225 | / | 600 |
| Obsidian Statue | 5 | 1000 | / | 175 |
| Meat Wagon | 1 | 230 | / | 50 |
| Abomination | 7 | 1680 | / | 490 |
| total: | 51 | 8175g | / | 1315w |
| Nerubian Tower | 2 | 200 | / | 40 |
| Spirit Tower | 5 | 725 | / | 200 |
| Crypt | 1 | 200 | / | 50 |
| Altar of Darkness | 1 | 180 | / | 50 |
| Ziggurat | 7 | 1050 | / | 350 |
| Tomb of Relics | 1 | 130 | / | 30 |
| Graveyard | 1 | 215 | / | 0 |
| Slaughterhouse | 2 | 280 | / | 270 |
| Halls of the Dead | 2 | 640 | / | 420 |
| Black Citadel | 2 | 650 | / | 460 |
| total: | 13 | 2055g | / | 750w |
| 0:05 | Acolyte |
| 0:05 | Acolyte |
| 0:10 | Crypt |
| 0:15 | Altar of Darkness |
| 0:35 | Ziggurat |
| 0:47 | Acolyte |
| 1:03 | Tomb of Relics |
| 1:11 | Ghoul |
| 1:24 | Ghoul |
| 1:46 | Ziggurat |
| 1:47 | Ziggurat |
| 1:48 | Ghoul |
| 2:24 | Rod of Necromancy |
| 2:26 | Death Coil |
| 2:38 | Halls of the Dead |
| 2:47 | Ghoul |
| 3:06 | Ghoul |
| 3:14 | Graveyard |
| 3:27 | Rod of Necromancy |
| 3:41 | Ghoul |
| 3:48 | Ziggurat |
| 3:58 | Unholy Aura |
| 4:05 | Ghoul |
| 4:48 | Crypt Fiend |
| 5:27 | Slaughterhouse |
| 5:30 | Nerubian Tower |
| 5:45 | Crypt Fiend |
| 6:07 | Frost Nova |
| 6:21 | Rod of Necromancy |
| 6:27 | Black Citadel |
| 6:58 | Crypt Fiend |
| 7:21 | Death Coil |
| 7:52 | Crypt Fiend |
| 7:54 | Obsidian Statue |
| 8:20 | Crypt Fiend |
| 8:23 | Ziggurat |
| 8:25 | Creature Attack |
| 8:53 | Dark Ritual |
| 9:08 | Obsidian Statue |
| 9:15 | Crypt Fiend |
| 9:29 | Rod of Necromancy |
| 9:31 | Orb of Corruption |
| 9:58 | Obsidian Statue |
| 10:20 | Spirit Tower |
| 10:24 | Meat Wagon |
| 11:01 | Abomination |
| 11:03 | Acolyte |
| 11:03 | Acolyte |
| 11:40 | Spirit Tower |
| 12:32 | Acolyte |
| 12:37 | Scroll of Town Portal |
| 12:57 | Potion of Healing |
| 13:20 | Abomination |
| 13:38 | Acolyte |
| 13:46 | Unholy Aura |
| 13:58 | Acolyte |
| 14:03 | Web |
| 14:49 | Acolyte |
| 14:49 | Acolyte |
| 14:49 | Acolyte |
| 15:28 | Acolyte |
| 15:28 | Acolyte |
| 15:49 | Ziggurat |
| 16:30 | Frost Nova |
| 16:59 | Crypt Fiend |
| 17:00 | Abomination |
| 17:18 | Crypt Fiend |
| 17:18 | Abomination |
| 17:29 | Ziggurat |
| 17:31 | Acolyte |
| 17:31 | Acolyte |
| 17:31 | Acolyte |
| 17:58 | Slaughterhouse |
| 18:00 | Crypt Fiend |
| 18:13 | Death Coil |
| 18:19 | Destroyer Form |
| 18:30 | Obsidian Statue |
| 18:33 | Spirit Tower |
| 19:11 | Potion of Lesser Invulnerability |
| 19:31 | Abomination |
| 19:31 | Disease Cloud |
| 19:58 | Crypt Fiend |
| 20:39 | Crypt Fiend |
| 20:56 | Crypt Fiend |
| 20:57 | Abomination |
| 21:01 | Dark Ritual |
| 21:03 | Crypt Fiend |
| 21:04 | Abomination |
| 21:29 | Potion of Healing |
| 21:30 | Scroll of Healing |
| 21:59 | Obsidian Statue |
| 22:18 | Crypt Fiend |
| 22:43 | Crypt Fiend |
| Right click | 1396 |
| Select group | 908 |
| Select | 495 |
| Build/train/purchase | 137 |
| Misc. action | 109 |
| Assign group | 62 |
| Use ability | 47 |
| Chat | 15 |
| Remove unit | 4 |
| Item give/drop | 2 |
59 units @ 8.8k
/ 1.3k
27 buildings @ 2.9k
/ 1.3k


| Scroll of Regeneration | 6 | 600 |
| Lesser Clarity Potion | 5 | 350 |
| Potion of Healing | 2 | 300 |
| Staff of Sanctuary | 1 | 250 |
| Orb of Fire | 1 | 325 |
| Potion of Mana | 1 | 200 |
| Potion of Invisibility | 4 | 400 |
| Boots of Speed | 1 | 250 |
| Staff of Teleportation | 1 | 150 |
| Potion of Lesser Invulnerability | 1 | 150 |
| total: | 23 | 2975g |
| Peasant | 30 | 2250 | / | 0 |
| Rifleman | 14 | 2870 | / | 420 |
| Gryphon Rider | 6 | 1680 | / | 420 |
| Knight | 7 | 1715 | / | 420 |
| Priest | 2 | 270 | / | 20 |
| total: | 59 | 8785g | / | 1280w |
| Scout Tower | 6 | 180 | / | 120 |
| Arcane Tower | 4 | 280 | / | 200 |
| Guard Tower | 2 | 140 | / | 100 |
| Blacksmith | 1 | 140 | / | 60 |
| Farm | 12 | 960 | / | 240 |
| Barracks | 1 | 160 | / | 60 |
| Altar of Kings | 1 | 180 | / | 50 |
| Arcane Vault | 1 | 130 | / | 30 |
| Town Hall | 2 | 770 | / | 410 |
| Lumber Mill | 1 | 120 | / | 0 |
| Arcane Sanctum | 1 | 150 | / | 140 |
| Gryphon Aviary | 1 | 140 | / | 150 |
| Keep | 1 | 320 | / | 210 |
| Castle | 1 | 360 | / | 210 |
| total: | 27 | 2930g | / | 1260w |
| 0:02 | Blacksmith |
| 0:03 | Peasant |
| 0:05 | Farm |
| 0:07 | Farm |
| 0:08 | Barracks |
| 0:10 | Peasant |
| 0:27 | Peasant |
| 0:40 | Peasant |
| 0:52 | Peasant |
| 1:04 | Peasant |
| 1:16 | Altar of Kings |
| 1:19 | Peasant |
| 1:28 | Farm |
| 1:36 | Peasant |
| 1:44 | Farm |
| 2:13 | Rifleman |
| 2:34 | Rifleman |
| 2:54 | Rifleman |
| 3:03 | Farm |
| 3:19 | Peasant |
| 3:23 | Peasant |
| 3:26 | Holy Light |
| 3:38 | Peasant |
| 3:38 | Peasant |
| 3:46 | Rifleman |
| 3:55 | Peasant |
| 4:13 | Scout Tower |
| 4:29 | Arcane Tower |
| 4:43 | Devotion Aura |
| 4:45 | Rifleman |
| 4:46 | Peasant |
| 4:46 | Peasant |
| 4:53 | Arcane Vault |
| 5:32 | Farm |
| 5:48 | Farm |
| 6:21 | Scout Tower |
| 6:33 | Holy Light |
| 6:38 | Rifleman |
| 6:41 | Town Hall |
| 6:44 | Lumber Mill |
| 6:44 | Peasant |
| 6:45 | Peasant |
| 6:52 | Arcane Tower |
| 6:58 | Peasant |
| 7:17 | Scroll of Regeneration |
| 7:26 | Rifleman |
| 7:59 | Scout Tower |
| 8:00 | Peasant |
| 8:00 | Peasant |
| 8:01 | Peasant |
| 8:03 | Lesser Clarity Potion |
| 8:08 | Lesser Clarity Potion |
| 8:19 | Rifleman |
| 8:21 | Peasant |
| 8:23 | Peasant |
| 8:26 | Guard Tower |
| 8:30 | Scout Tower |
| 8:47 | Improved Lumber Harvesting |
| 9:09 | Rifleman |
| 9:12 | Peasant |
| 9:17 | Divine Shield |
| 9:21 | Potion of Invisibility |
| 9:23 | Boots of Speed |
| 9:31 | Staff of Teleportation |
| 9:35 | Black Gunpowder |
| 9:36 | Iron Forged Swords |
| 9:39 | Keep |
| 9:41 | Steel Forged Swords |
| 9:50 | Rifleman |
| 10:07 | Potion of Invisibility |
| 10:22 | Rifleman |
| 10:57 | Lesser Clarity Potion |
| 11:01 | Scroll of Regeneration |
| 11:04 | Guard Tower |
| 11:07 | Scout Tower |
| 11:10 | Rifleman |
| 11:23 | Potion of Invisibility |
| 11:25 | Potion of Lesser Invulnerability |
| 11:35 | Rifleman |
| 12:20 | Castle |
| 12:26 | Arcane Sanctum |
| 12:29 | Gryphon Aviary |
| 12:40 | Lesser Clarity Potion |
| 12:42 | Scroll of Regeneration |
| 12:49 | Long Rifles |
| 12:50 | Refined Gunpowder |
| 12:55 | Arcane Tower |
| 13:16 | Potion of Invisibility |
| 13:23 | Siphon Mana |
| 13:47 | Scout Tower |
| 14:41 | Banish |
| 14:42 | Gryphon Rider |
| 14:43 | Gryphon Rider |
| 14:53 | Scroll of Regeneration |
| 15:01 | Farm |
| 15:02 | Farm |
| 15:16 | Farm |
| 15:18 | Arcane Tower |
| 15:27 | Farm |
| 15:41 | Knight |
| 15:44 | Gryphon Rider |
| 15:55 | Knight |
| 16:34 | Holy Light |
| 16:48 | Rifleman |
| 16:49 | Knight |
| 17:17 | Potion of Healing |
| 17:19 | Staff of Sanctuary |
| 17:19 | Orb of Fire |
| 17:21 | Knight |
| 17:35 | Scroll of Regeneration |
| 17:37 | Potion of Healing |
| 17:51 | Peasant |
| 17:52 | Peasant |
| 17:52 | Peasant |
| 18:03 | Peasant |
| 18:16 | Peasant |
| 18:47 | Peasant |
| 18:50 | Farm |
| 19:09 | Knight |
| 19:10 | Gryphon Rider |
| 19:31 | Priest |
| 19:31 | Priest |
| 19:58 | Siphon Mana |
| 20:21 | Resurrection |
| 21:02 | Knight |
| 21:03 | Knight |
| 21:33 | Town Hall |
| 21:40 | Priest Adept Training |
| 21:42 | Gryphon Rider |
| 22:21 | Potion of Mana |
| 22:23 | Lesser Clarity Potion |
| 22:38 | Scroll of Regeneration |
| 22:47 | Gryphon Rider |
| 23:34 | Banish |
| Right click | 1473 |
| Select group | 1216 |
| Select | 473 |
| Build/train/purchase | 151 |
| Use ability | 71 |
| Assign group | 37 |
| Item give/drop | 9 |
| Esc | 7 |